 Dungeon Crawl Stone Soup version 0.31-a0-325-g067879e3d3 (webtiles) character file.

Game seed: 17163877100223963716

105933 ragingrage the Brawler (level 15, -5/136 (144) HPs)
             Began as a Troll Shapeshifter on July 18, 2023.
             Was the Champion of Ru.
             Slain by a yaktaur simulacrum (10 damage)
             ... animated by a necromancer
             ... on level 14 of the Dungeon.
             The game lasted 00:31:13 (18917 turns).

ragingrage the Brawler (Troll Shapeshifter)        Turns: 18917, Time: 00:31:14

HP:   -5/136 (144)  AC:  9    Str: 33    XL:     15   Next: 96%
MP:   7/14          EV:  9    Int:  4    God:    Ru [******]
Gold: 1253          SH:  0    Dex:  8    Spells: 14/14 levels left

rFire   . .          .
                       - Unarmed
rCold   + . .        (no shield)
rNeg    . . .        F - +1 robe of Vines {NoPotionHeal Regen++++}
rPois   .            (helmet currently unavailable)
rElec   .            x - melded +2 cloak {Stlth+}
rCorr   .            (gloves unavailable)
SInv    .            (boots unavailable)
Will    +....        (no amulet)
Stlth   +            X - +4 ring of protection
HPRegen 4.42/turn    M - ring of protection from cold
MPRegen 0.14/turn

%: no passive effects
@: exhausted, beast-form, drained, unable to drink
A: beast (slay +7), large, unfitting armour, claws 3, clumsy 1, frail 1,
regeneration 1, shaggy fur 1, tough skin 1, inability to drink after injury 2,
inability to train dodging, inability to train armour
a: Begin Untransformation, Renounce Religion, Draw Out Power, Power Leap,
Apocalypse


You were on level 14 of the Dungeon.
You worshipped Ru.
Ru was exalted by your worship.
You were a hulking beast.
You visited 4 branches of the dungeon, and saw 22 of its levels.
You also visited: Ossuary.

You collected 2744 gold pieces.
You spent 1491 gold pieces at shops.

Inventory:

Missiles
 a - 10 boomerangs (quivered)
 g - 16 large rocks
 h - 30 poisoned darts
 j - 2 javelins
 y - 11 silver javelins
 N - 2 throwing nets
 O - 6 curare-tipped darts
Armour
 x - a +2 cloak of stealth (melded)
 F - the +1 robe of Vines (worn) {NoPotionHeal Regen++++}
   (You found it on level 8 of the Dungeon)

   NoPotionHeal: Its wearer cannot be healed by potions.
   Regen:     It increases your rate of health regeneration.
Jewellery
 d - a +6 ring of strength
 I - a ring of fire
 M - a ring of protection from cold (right claw)
 S - a ring of positive energy
 W - the ring of Conflict {rN+ Will++ SInv}
   (You found it on level 2 of the Lair of Beasts)

   [ring of see invisible]

   rN:        It protects you from negative energy.
   SInv:      It lets you see invisible.
   Will:      It greatly increases your willpower.
 X - a +4 ring of protection (left claw)
Talismans
 c - a beast talisman
Wands
 i - a wand of acid (23)
 q - a wand of flame (87)
 u - a wand of roots (19)
 w - a wand of mindburst (12)
 G - a wand of paralysis (12)
 P - a wand of polymorph (8)
 Q - a wand of digging (10)
Scrolls
 e - 3 scrolls of enchant armour
 f - a scroll of revelation
 l - a scroll of blinking {unknown}
 m - a scroll of poison
 n - 8 scrolls of teleportation
 t - 6 scrolls of fog
 v - 2 scrolls of torment
 R - 2 scrolls of fear
 T - a scroll of vulnerability {unknown}
 V - a scroll of immolation
Potions
 b - 2 potions of lignification
 k - 5 potions of curing
 o - a potion of cancellation
 p - 4 potions of attraction
 r - 6 potions of heal wounds
 s - 3 potions of enlightenment
 z - 3 potions of might
 A - 2 potions of invisibility
 B - a potion of resistance
 C - a potion of berserk rage
 E - a potion of brilliance
 K - 2 potions of ambrosia
 U - a potion of haste
 Y - a potion of mutation {unknown}
Miscellaneous
 H - a piece from Xom's chessboard (15/15)
 J - a box of beasts
 L - a condenser vane (inert)
 Z - a lightning rod (4/4)


   Skills:
 + Level 13.2 Fighting
 + Level 13.5 Throwing
 + Level 17.6 Unarmed Combat
 - Level 6.0 Evocations
 - Level 10.0 Shapeshifting


You had 14 spell levels left.
You didn't know any spells.
Your spell library contained the following spells:

 Spells                   Type           Power      Damage    Failure   Level
 Cigotuvi's Dreadful Rot  Necr/Pois/Air  0%         N/A       65%         2
 Lesser Beckoning         Tloc           0%         N/A       65%         2
 Scorch                   Fire           0%         2d5       65%         2
 Sublimation of Blood     Necr           0%         N/A       65%         2
 Wereblood                Tmut           0%         N/A       65%         2
 Call Canine Familiar     Summ           0%         N/A       86%         3
 Frozen Ramparts          Ice            0%         1d1       86%         3
 Gell's Gravitas          Tloc           0%         N/A       86%         3
 Hailstorm                Conj/Ice       0%         3d3       86%         3
 Portal Projectile        Hex/Tloc       0%         N/A       86%         3
 Teleport Other           Tloc           0%         N/A       86%         3
 Tukima's Dance           Hex            0%         N/A       86%         3
 Vhi's Electric Charge    Tloc/Air       0%         N/A       86%         3
 Dispel Undead            Necr           0%         3d6       99%         4
 Flame Wave               Conj/Fire      0%         2d4       99%         4
 Leda's Liquefaction      Hex/Erth       0%         N/A       99%         4
 Passage of Golubria      Tloc           0%         N/A       99%         4
 Petrify                  Tmut/Erth      0%         N/A       99%         4
 Summon Ice Beast         Ice/Summ       0%         N/A       99%         4
 Alistair's Intoxication  Tmut/Pois      0%         N/A       100%        5
 Arcjolt                  Conj/Air       0%         1d10      100%        5
 Irradiate                Conj/Tmut      0%         3d11      100%        5
 Metabolic Englaciation   Hex/Ice        0%         N/A       100%        5
 Yara's Violent Unravell  Hex/Tmut       0%         3d3       100%        5
 Death Channel            Necr           0%         N/A       100%        6
 Simulacrum               Ice/Necr       0%         N/A       100%        6
 Summon Cactus Giant      Summ           0%         N/A       100%        6
 Maxwell's Capacitive Co  Air            0%         ∞         100%        8


Dungeon Overview and Level Annotations

Branches:
Dungeon (14/15)            Temple (1/1) D:5            Lair (5/5) D:10
  Swamp (0/4) Lair:3       Spider (0/4) Lair:3        Slime (0/5) Lair:4
    Orc (2/2) D:11            Elf (0/3) Orc:2        Vaults (0/5) D:14
Ossuary (visited)

Altars:
Ashenzari
Cheibriados
Dithmenos
Elyvilon
Fedhas
Gozag
Hepliaklqana
Kikubaaqudgha
Makhleb
Nemelex Xobeh
Okawaru
Qazlal
Ru
Sif Muna
Trog
Uskayaw
Vehumet
Wu Jian
Xom
Yredelemnul
Zin
The Shining One

Shops:
D:12 (   Orc:2 :*?

Portals:
Pandemonium: Orc:2

Annotations:
D:3 3 runed translucent doors, voltaire321's ghost, weakling DsIE
D:6 3 runed translucent doors, 1 exclusion, mdonais's ghost, novice OpRe
Lair:4 1 runed translucent door


Innate Abilities, Weirdness & Mutations

You are a hulking beast.
Your limbs bulge with bestial killing power. (Slay +7)
You are too large for most types of armour.
You have claws for hands.
You are clumsy. (Dex -2)
You are frail. (-10% HP)
Your natural rate of healing is unusually fast.
You are covered in fur. (AC +1)
You have tough skin. (AC +1)
You sometimes lose the ability to drink potions when taking damage.
You cannot train Dodging skill.
You cannot train Armour skill.


Message History

The vault guard simulacrum vaporises!
The grasping roots constrict the human simulacrum.
The human simulacrum vaporises!
The grasping roots constrict the necromancer simulacrum!
The grasping roots constrict the human simulacrum!
The grasping roots constrict the vault guard simulacrum.
The grasping roots constrict the yaktaur simulacrum.
The grasping roots constrict the vault guard simulacrum!
The human simulacrum hits you. The human simulacrum freezes you! You resist.
The human simulacrum barely misses you.
The necromancer simulacrum barely misses you.
The yaktaur simulacrum hits you.
* * * LOW HITPOINT WARNING * * *
The yaktaur simulacrum freezes you! You resist.
* * * LOW HITPOINT WARNING * * *
You focus your inner power and illuminate the yaktaur simulacrum in retribution!
The orc warrior simulacrum hits you but does no damage.
The vault guard simulacrum hits you!
* * * LOW HITPOINT WARNING * * *
The vault guard simulacrum freezes you! You resist.
* * * LOW HITPOINT WARNING * * *
You cannot drink potions in your current state!
As you read the scroll labelled UFASIJ TURCH, it crumbles to dust.
You hear a loud clanging noise!
It was a scroll of noise.
The grasping roots constrict the necromancer simulacrum!
The necromancer simulacrum vaporises!
The grasping roots constrict the human simulacrum!
The human simulacrum vaporises!
The grasping roots constrict the vault guard simulacrum.
The grasping roots constrict the yaktaur simulacrum!
The grasping roots constrict the vault guard simulacrum!
The roots release their grip on the vault guard simulacrum. x2
The human simulacrum hits you but does no damage.
The orc warrior simulacrum hits you!
* * * LOW HITPOINT WARNING * * *
The orc warrior simulacrum freezes you. You resist.
* * * LOW HITPOINT WARNING * * *
The yaktaur simulacrum hits you!
You die...

.[.................#
...................#
......###..........######
......# #...............#
......# #.#############.#
...#### #.#$$...#...?(#.#
...# #.#(....'..p.)#.#
...# #.#..⌠.ZZZ☼∩..#.#
...# #.#...)ZhZ)..(#.#
##.# #.#....Z#Z..[$#.#
#.# ##'''########.# #.#
#.....#.....#.# #.#
#.....'....)#.# #.#
#..⌠..'..⌠..#.# #..
#(....'.....#.# ###
#.[...#..)†.#.#
########'†)##.#


You could see a vault guard (soul bound, paralysed), an orc warrior simulacrum,
a yaktaur simulacrum (rooted, corona), 3 human simulacra and 2 vault guard
simulacra.

Vanquished Creatures
  Jorgrun (Orc:2)
  Josephine (D:10)
  3 vault guards (D:14)
  A demonspawn (Orc:2)
  A catoblepas (Lair:2)
  3 centaur warriors
  6 hydras
  9 two-headed ogres
  3 tengu warriors (D:14)
  6 orc high priests (Orc:2)
  11 death yaks
  2 sixfirhies (Orc:2)
  A skyshark (Lair:5)
  7 lindwurms
  2 necromancers (D:14)
  3 deep elf pyromancers (D:12)
  4 orc knights (Orc:2)
  6 ugly things
  A manticore (D:14)
  5 orc sorcerers (Orc:2)
  5 cyclopes
  15 elephants
  A rust devil (Orc:2)
  5 black mambas
  Maurice (D:12)
  An orange demon (Orc:2)
  A gargoyle (D:14)
  15 cane toads
  A torpor snail (Lair:2)
  4 kobold demonologists
  An unseen horror zombie (D:8)
  9 komodo dragons
  An unseen horror (D:10)
  4 rime drakes
  An efreet (D:13)
  A yaktaur (D:14)
  An ice devil (Orc:2)
  A polar bear (Lair:2)
  A queen bee (Lair:2)
  8 trolls
  3 tyrant leeches (Lair:5)
  A wind drake (shapeshifter) (D:14)
  2 hornets
  7 dream sheep (Lair:5)
  20 blink frogs
  8 slime creatures
  A jumping spider (Lair:3)
  Sigmund (D:5)
  2 shadows (D:10)
  9 wraiths
  79 yaks
  8 wyverns
  2 vampires
  Eustachio (D:5)
  15 humans (D:14)
  4 basilisks
  4 steam dragons
  3 wargs
  10 vampire mosquitoes
  4 acid dragons
  23 water moccasins
  A hornet zombie (D:8)
  3 ice beasts
  33 orc warriors
  2 black bears (D:6)
  A sky beast (D:7)
  3 ogres
  5 boggarts (D:14)
  11 wolves
  16 centaurs
  A tengu (D:13)
  A phantom (D:7)
  A kobold brigand (D:9)
  19 bullfrogs
  2 wyvern zombies (D:8)
  2 gnoll sergeants
  3 scorpions
  5 wights
  47 killer bees
  4 electric eels
  7 howler monkeys
  2 centaur zombies (D:8)
  5 hounds
  30 orc priests
  A sleepcap (D:6)
  Ijyb (D:3)
  2 gnoll boudas (D:9)
  4 iguanas
  25 orc wizards
  2 killer bee zombies (D:8)
  A howler monkey zombie (D:8)
  4 gnolls (D:7)
  7 adders
  3 shadow imps
  A white imp (D:8)
  3 adder zombies (Ossuary)
  3 worms
  2 dart slugs
  85 orcs
  4 endoplasms
  2 giant cockroaches
  3 goblins (D:1)
  7 hobgoblins
  6 jackals
  10 kobolds
  6 quokkas
  3 training dummies (D:12)
  4 ball pythons
  2 ball python skeletons (Ossuary)
  6 bats
  3 frilled lizards (D:1)
  3 orc skeletons (Ossuary)
  An orc zombie (Ossuary)
  9 rats
777 creatures vanquished.

Vanquished Creatures (collateral kills)
  A dream sheep (Lair:5)
1 creature vanquished.

Vanquished Creatures (others)
  An ogre mage (D:13)
  A centaur warrior (D:14)
  A slime creature (D:12)
  A wyvern (Lair:5)
  An orc priest (D:8)
  A gnoll bouda (D:8)
  An orc wizard (D:4)
7 creatures vanquished.

Grand Total: 785 creatures vanquished

Notes
Turn   | Place    | Note
-------+----------+-------------------------------------------
     0 | D:1      | ragingrage the Troll Shapeshifter began the quest for the
                  | Orb.
     0 | D:1      | Reached XP level 1. HP: 19/19 MP: 0/0
   153 | D:1      | Reached XP level 2. HP: 28/28 MP: 1/1
   444 | D:1      | Reached XP level 3. HP: 26/35 MP: 2/2
   880 | D:2      | Found a faded altar of an unknown god.
   883 | D:2      | Reached skill level 3 in Unarmed Combat
   947 | D:2      | Reached XP level 4. HP: 42/42 MP: 3/3
  1041 | D:2      | You fall into a shaft and drop 1 floor!
  1561 | D:3      | Found a runed translucent gate.
  1574 | D:3      | Found a runed translucent gate.
  1574 | D:3      | Found a runed translucent gate.
  1583 | D:3      | Noticed Ijyb
  1590 | D:3      | Killed Ijyb
  1591 | D:3      | Reached skill level 4 in Unarmed Combat
  2044 | D:3      | Identified the +8 whip of an ossuary {pain, Str+3 Int+3}
  2226 | D:3      | Noticed voltaire321's ghost (weakling DsIE)
  2286 | D:4      | Found a white marble altar of Elyvilon.
  2304 | D:4      | Noticed a scorpion
  2309 | D:4      | Killed a scorpion
  2310 | D:4      | Reached XP level 5. HP: 46/49 MP: 4/4
  2421 | D:4      | Reached skill level 5 in Unarmed Combat
  2449 | D:4      | Reached XP level 6. HP: 43/57 MP: 5/5
  2496 | D:4      | Reached skill level 6 in Unarmed Combat
  2532 | D:4      | Found a sand-covered staircase.
  2546 | Ossuary  | Entered an ossuary
  2727 | Ossuary  | Noticed a flying skull
  2727 | Ossuary  | Noticed a wraith
  2760 | Ossuary  | Noticed a flying skull
  2806 | Ossuary  | Noticed a flying skull
  2811 | Ossuary  | Noticed a wraith
  2822 | Ossuary  | Killed a wraith
  2823 | Ossuary  | Reached skill level 7 in Unarmed Combat
  2823 | Ossuary  | Reached XP level 7. HP: 14/65 MP: 6/6
  2920 | Ossuary  | Noticed a wraith
  2923 | Ossuary  | Killed a wraith
  2924 | Ossuary  | Reached skill level 8 in Unarmed Combat
  3654 | D:5      | Entered Level 5 of the Dungeon
  3698 | D:5      | Reached XP level 8. HP: 55/74 MP: 7/7
  3837 | D:5      | Reached skill level 9 in Unarmed Combat
  4080 | D:5      | Found a hazy altar of Hepliaklqana.
  4104 | D:5      | Noticed Eustachio
  4106 | D:5      | Noticed Sigmund
  4107 | D:5      | Found a staircase to the Ecumenical Temple.
  4122 | D:5      | Killed Sigmund
  4143 | D:5      | Killed Eustachio
  4186 | D:5      | Found an ornate altar of the Wu Jian Council.
  4218 | Temple   | Entered the Ecumenical Temple
  4226 | Temple   | Became a worshipper of Ru the Awakened
  4409 | D:6      | Reached skill level 10 in Unarmed Combat
  4417 | D:6      | Reached skill level 5 in Fighting
  4420 | D:6      | Reached XP level 9. HP: 80/88 MP: 8/8
  4557 | D:6      | Found an iron altar of Okawaru.
  4594 | D:6      | Noticed a moth of wrath
  4597 | D:6      | Found a bloodstained altar of Trog.
  4626 | D:6      | Identified the +7 quarterstaff "Oni Gahe" {antimagic, *Slow
                  | rPois Str+3}
  4874 | D:6      | Found a runed translucent gate.
  4874 | D:6      | Found a runed translucent gate.
  4875 | D:6      | Found a runed translucent gate.
  4876 | D:6      | Found an opulent altar of Gozag.
  4878 | D:6      | Noticed mdonais's ghost (novice OpRe)
  4906 | D:6      | Found an ancient bone altar of Kikubaaqudgha.
  4990 | D:6      | Reached skill level 11 in Unarmed Combat
  5337 | D:6      | Gained mutation: You are clumsy. (Dex -2) [Ru sacrifice]
  5565 | D:7      | Reached skill level 1 in Throwing
  5709 | D:7      | Identified 2 scrolls of acquirement
  5713 | D:7      | Acquired 432 gold pieces
  5715 | D:7      | Acquired a manual of Throwing
  5778 | D:7      | Found a shadowy altar of Dithmenos.
  6253 | D:7      | Reached XP level 10. HP: 80/98 MP: 9/9
  6295 | D:7      | Found a glowing golden altar of the Shining One.
  6584 | D:8      | Noticed a seven-headed hydra
  6586 | D:8      | Found the +1 robe of Vines {NoPotionHeal Regen++++}
  6599 | D:8      | Killed a seven-headed hydra
  6600 | D:8      | Reached skill level 5 in Throwing
  6600 | D:8      | Reached skill level 12 in Unarmed Combat
  6852 | D:8      | Found a hide-covered altar of Uskayaw.
  6939 | D:8      | Found a basalt altar of Yredelemnul.
  7040 | D:8      | Noticed a cyclops
  7050 | D:8      | Killed a cyclops
  7068 | D:8      | Found a shimmering altar of Xom.
  7122 | D:8      | Reached XP level 11. HP: 110/111 MP: 10/10
  7187 | D:8      | Found a sparkling altar of Nemelex Xobeh.
  7220 | D:8      | Found an opulent altar of Gozag.
  7483 | D:9      | Found a glowing silver altar of Zin.
  7497 | D:9      | Gained mutation: You occasionally lose the ability to drink
                  | potions when taking damage. [Ru sacrifice]
  7497 | D:9      | Gained mutation: You sometimes lose the ability to drink
                  | potions when taking damage. [Ru sacrifice]
  7497 | D:9      | Reached * piety under Ru
  7497 | D:9      | Reached ** piety under Ru
  7983 | D:9      | Reached skill level 10 in Throwing
  8057 | D:9      | Noticed a centaur warrior
  8063 | D:9      | Killed a centaur warrior
  8174 | D:9      | Identified the staff of the Violins {Drain rF- rC+++ SInv
                  | Earth}
  8298 | D:10     | Entered Level 10 of the Dungeon
  8353 | D:10     | Found a stormy altar of Qazlal.
  8472 | D:10     | Found a staircase to the Lair.
  8488 | D:10     | Reached skill level 10 in Fighting
  8628 | D:10     | Noticed Josephine
  8634 | D:10     | Killed Josephine
  8635 | D:10     | Reached XP level 12. HP: 126/126 MP: 11/11
  8642 | D:10     | Reached skill level 1 in Evocations
  9131 | D:10     | Found Poiwoc's Distillery.
  9192 | D:10     | Gained mutation: You are frail. (-10% HP) [Ru sacrifice]
  9192 | D:10     | Reached *** piety under Ru
  9635 | D:11     | Noticed a two-headed ogre
  9641 | D:11     | Killed a two-headed ogre
  9653 | D:11     | Found a staircase to the Orcish Mines.
 10142 | Lair:1   | Entered Level 1 of the Lair of Beasts
 10297 | Lair:1   | You fall into a shaft and drop 1 floor!
 10319 | Lair:2   | Reached skill level 13 in Unarmed Combat
 10321 | Lair:2   | Noticed a catoblepas
 10337 | Lair:2   | Killed a catoblepas
 10608 | Lair:2   | Reached XP level 13. HP: 116/123 MP: 12/12
 10708 | Lair:2   | Gained mutation: You cannot train Armour skill. [Ru
                  | sacrifice]
 10708 | Lair:2   | Reached **** piety under Ru
 10708 | Lair:2   | Reached ***** piety under Ru
 10805 | Lair:2   | Reached skill level 14 in Unarmed Combat
 10991 | Lair:2   | Reached skill level 5 in Shapeshifting
 11195 | Lair:2   | Identified the +1 robe of the Serpent {+Blink rF- rCorr
                  | Slay+5}
 11742 | Lair:3   | Found a hole to the Spider Nest.
 11869 | Lair:3   | Found a staircase to the Swamp.
 12508 | Lair:4   | Gained mutation: You cannot train Dodging skill. [Ru
                  | sacrifice]
 12508 | Lair:4   | Reached ****** piety under Ru
 12512 | Lair:4   | Reached skill level 15 in Unarmed Combat
 12766 | Lair:4   | Found a runed translucent door.
 12766 | Lair:4   | Found a staircase to the Slime Pits.
 12766 | Lair:4   | Noticed an azure jelly
 12766 | Lair:4   | Noticed an azure jelly
 13194 | Lair:4   | Reached XP level 14. HP: 81/127 MP: 4/13
 13338 | Lair:5   | Entered Level 5 of the Lair of Beasts
 13599 | Lair:5   | Reached skill level 16 in Unarmed Combat
 13763 | Lair:5   | Identified the +2 robe "Berear" {Str+4}
 14669 | Lair:2   | Identified the ring of Conflict {rN+ Will++ SInv}
 14677 | Lair:2   | Got the Thoughts on Congealing Changes
 15774 | D:12     | Noticed Maurice
 15795 | D:12     | Killed Maurice
 15864 | D:12     | Found Tuklaick's Firing Range.
 15913 | D:12     | Bought 2 boomerangs for 52 gold pieces
 15913 | D:12     | Bought a throwing net for 39 gold pieces
 16084 | D:12     | Reached XP level 15. HP: 86/134 MP: 14/14
 16216 | D:13     | Noticed Sonja
 16217 | D:13     | Sonja changed into Sonja the tengu
 16217 | D:13     | Noticed Sonja
 16219 | D:13     | Killed Sonja the tengu
 16327 | D:13     | Reached skill level 5 in Evocations
 16838 | Orc:1    | Entered Level 1 of the Orcish Mines
 17223 | Orc:2    | Entered Level 2 of the Orcish Mines
 17223 | Orc:2    | Noticed Jorgrun
 17234 | Orc:2    | Killed Jorgrun
 17277 | Orc:2    | Found a staircase to the Elven Halls.
 17422 | Orc:2    | Found Dibbu's General Store.
 17432 | Orc:2    | Found Leogahul's Magic Scroll Shoppe.
 17695 | Orc:2    | Reached skill level 17 in Unarmed Combat
 17920 | Orc:2    | Bought a potion of berserk rage for 65 gold pieces
 17926 | Orc:2    | Bought a scroll of fear for 48 gold pieces
 17981 | Orc:2    | Reached skill level 10 in Shapeshifting
 18118 | Orc:2    | Found Waesuwuva's Antique Armour Boutique.
 18118 | Orc:2    | Found Qoll's Book Shop.
 18119 | Orc:2    | Found a one-way gate leading to the halls of Pandemonium.
 18277 | D:12     | Bought 5 silver javelins for 585 gold pieces
 18277 | D:12     | Bought 6 silver javelins for 702 gold pieces
 18906 | D:14     | Found a gate to the Vaults.
 18917 | D:14     | HP: 5/136 [orc warrior simulacrum (4)]
 18917 | D:14     | Slain by a yaktaur simulacrum

Illustrated notes

Levels and vault maps discovered:
D:1:      minmay_arrival_radiant_lines, layout_basic, serial_glass,
          glass_columns_a, glass_columns_a
D:2:      layout_loops_cross, hellmonk_ecumenical_altar_arch_garden
D:3:      layout_loops_ring, gammafunk_ghost_icy, grunt_decor_junction,
          lemuel_flame_loot_1, uniq_ijyb
D:4:      layout_gridville, amcnicky_altar_gilded,
          lightli_ossuary_entry_decrepit_ruins, minmay_misc_feat_rows,
          serial_bayou_lake_a
D:5:      layout_rooms, mainiacjoe_overflow_24_doors,
          mainiacjoe_overflow_alcove_4, minmay_temple_entry_crystal_x,
          dk_noncrumbling_4, uniq_sigmund, uniq_eustachio
D:6:      layout_cave_pods, kiku_gazebo_pond_becter, tgw_trog,
          lemuel_doored_altar, ebering_ghost_gozag,
          chequers_serial_rivers_room_b, grunt_ministairs_6
D:7:      minmay_chambers_of_fours, layout_basic, mainiacjoe_overflow_brackets,
          general_overflow_altar
D:8:      layout_loops_ring, nicolae_uskayaw_murder_on_the_dancefloor,
          mainiacjoe_overflow_catwalk, xom_confusion_cloud,
          nemelex_diamond_rough_becter, nicolae_yredelemnul_corpse_copse,
          hellmonk_guarded_unrand_vines
D:9:      layout_loops_ring, mainiacjoe_overflow_tiny_flanked,
          minmay_the_grid_2x2 [minmay_the_grid_tree, minmay_the_grid_spin_star,
          minmay_the_grid_medium_cups, minmay_the_grid_prize_shrinking_boxes]
D:10:     layout_stronghold, grunt_qazlal_clouds, erik_lair_island,
          serial_shops, shop, minmay_misc_feat_tower, minmay_quadrilaterals,
          uniq_josephine
D:11:     layout_small_grid, david_orc_3
D:12:     layout_roguey, minmay_misc_feat_x, nicolae_shop_firing_range,
          uniq_maurice
D:13:     layout_roguey, uniq_sonja
D:14:     layout_basic, grunt_vaults_entry_tiered
Temple:   nicolae_temple_little_seven
Lair:1:   layout_small_grid, grunt_megastairs_5
Lair:2:   regret_index_tunnel_blossom, layout_gridlike, minmay_lindwurm_lava,
          serial_bayou_shore_a
Lair:3:   layout_chaotic_city, swamp_mist, spider_nest_entry_rubble,
          grunt_megastairs_3, infiniplex_staircase_pool
Lair:4:   layout_concentric_octagons, slime_entry_2
Lair:5:   minmay_lair_end_frog_pond, layout_gridlike, nicolae_lair_lindhole
Orc:1:    layout_caves
Orc:2:    pf_orc_diabolical, layout_diamond_mine, uniq_jorgrun

Skill      XL: |  1  2  3  4  5  6  7  8  9 10 11 12 13 14 15 |
---------------+----------------------------------------------+-----
Fighting       | 2 5 6 8 10 11 12 13 | 13.2
Dodging        | 2 0 |  0.0
Unarmed Combat | 3 4 5 7 8 10 11 12 13 15 16 17 | 17.6
Throwing       | 4 9 13 | 13.5
Evocations     | 4 6 |  6.0
Shapeshifting  | 7 9 10 | 10.0

Action                     |  1- 3 |  4- 6 |  7- 9 | 10-12 | 13-15 || total
---------------------------+-------+-------+-------+-------+-------++-------
  Melee: Unarmed           |    80 |    72 |   257 |   476 |   723 ||  1608
         Punch             |       |     1 |     9 |    32 |    69 ||   111
  Throw: Dart              |       |     1 |       |     3 |       ||     4
         Boomerang         |       |       |     7 |    26 |    39 ||    72
         Large rock        |       |       |       |       |    65 ||    65
 Invoke: Sacrifice Purity  |       |       |     1 |       |       ||     1
         Sacrifice Drink   |       |       |       |     1 |       ||     1
         Draw Out Power    |       |       |       |     1 |       ||     1
         Sacrifice Health  |       |       |       |     1 |       ||     1
         Apocalypse        |       |       |       |       |     9 ||     9
         Sacrifice Nimblen |       |       |       |       |     1 ||     1
         Sacrifice Durabil |       |       |       |       |     1 ||     1
         Power Leap        |       |       |       |       |     1 ||     1
Ability: Begin Untransform |       |       |       |       |     1 ||     1
  Evoke: Wand              |       |     7 |     4 |     3 |     8 ||    22
         Condenser vane    |       |       |       |     1 |     1 ||     2
         Box of beasts     |       |       |       |       |     2 ||     2
    Use: Scroll            |       |       |     9 |     5 |     7 ||    21
         Potion            |       |       |     3 |     1 |     3 ||     7
   Stab: Sleeping          |     1 |       |       |       |       ||     1
         Confused          |       |       |       |     1 |       ||     1
         Petrified         |       |       |       |     4 |       ||     4
         Invisible         |       |       |       |     1 |     6 ||     7
         Petrifying        |       |       |       |     1 |       ||     1
         Paralysed         |       |       |       |       |    22 ||    22
 Armour: Animal skin       |    29 |     9 |    12 |       |       ||    50
         Acid dragon scale |       |       |    74 |    12 |       ||    86
         Skin              |       |       |    23 |    51 |       ||    74
         Robe              |       |       |       |    95 |   146 ||   241
  Dodge: Dodged            |    35 |    23 |   129 |   171 |   209 ||   567
   Form: Beast             |       |       |       |       |     1 ||     1

Table legend: (Time is in decaauts)
 A = Elapsed time spent in this place.
 B = Non-inter-level travel time spent in this place.
 C = Inter-level travel time spent in this place.
 D = Time resting spent in this place.
 E = Time spent auto-exploring this place.
 F = Levels seen in this place.
 G = Mean time per level.
                   A        B        C        D        E       F      G
               +--------+--------+--------+--------+--------+-----+--------+
         Total |  18550 |  17247 |   1303 |   1163 |  11976 |  23 |  806.5 |
       Dungeon |  11548 |  10727 |    821 |    756 |   7644 |  14 |  824.9 |
        Temple |     16 |      1 |     15 |      0 |      0 |   1 |   16.0 |
          Lair |   5232 |   4906 |    326 |    215 |   3358 |   5 | 1046.4 |
  Orcish Mines |   1317 |   1177 |    140 |     65 |    780 |   2 |  658.5 |
       Ossuary |    434 |    434 |      0 |    126 |    194 |   1 |  434.0 |
               +--------+--------+--------+--------+--------+-----+--------+

Top non-repeatable levels by time:
  Lair:2: 1473 daAuts
  Lair:5: 1119 daAuts
     D:6: 1113 daAuts
    D:10: 1098 daAuts
     D:7: 1051 daAuts
     D:3: 918 daAuts
     D:4: 913 daAuts
  Lair:4: 912 daAuts
     D:8: 909 daAuts
   Orc:2: 902 daAuts
     D:9: 894 daAuts
  Lair:1: 883 daAuts
  Lair:3: 844 daAuts
    D:11: 750 daAuts
     D:1: 720 daAuts
